 Dungeon Crawl Stone Soup version 0.28-a0-1629-gf728b707aa (webtiles) character file.

Game seed: 1944617948152162339

2 parzival7114810 the Grave Robber (level 1, 0/13 HPs)
             Began as a Mummy Necromancer on Jan 24, 2022.
             Slain by a bat (1 damage)
             ... on level 1 of the Dungeon.
             The game lasted 00:00:24 (56 turns).

parzival7114810 the Grave Robber (Mummy Necromancer)  Turns: 56, Time: 00:00:24

Health: 0/13       AC:  2    Str: 11    XL:     1   Next: 25%
Magic:  4/4        EV: 12    Int: 14    God:
Gold:   0          SH:  0    Dex: 12    Spells: 4/5 levels left

rFire   x . .      SeeInvis .   (no weapon)
rCold   + . .      Faith    .   (no shield)
rNeg    + + +      Spirit   .   a - +0 robe
rPois   ∞          Reflect  .   (no helmet)
rElec   .          Harm     .   (no cloak)
rCorr   .          Rampage  .   (no gloves)
Will    .....                   (no boots)
Stlth   ++........              (no amulet)
HPRegen 0.04/turn               (no ring)
MPRegen 0.09/turn               (no ring)

@: no status effects
A: cold resistance 1, negative energy resistance 3, torment resistance 2, heat
vulnerability 1, no potions
a: no special abilities


You were on level 1 of the Dungeon.
You visited 1 branch of the dungeon, and saw 1 of its levels.

Inventory:

Armour
 a - a +0 robe (worn)


   Skills:
 + Level 1.6 Dodging
 + Level 1.5 Stealth
 + Level 2.6 Spellcasting
 + Level 4.0 Necromancy


You had 4 spell levels left.
You knew the following spells:

 Your Spells              Type           Power      Damage    Failure   Level
a - Pain                  Necr           52%        1d6       4%          1

Your spell library contained the following spells:

 Spells                   Type           Power      Damage    Failure   Level
 Animate Skeleton         Necr           26%        N/A       4%          1
 Vampiric Draining        Necr           13%        2d6       12%         3
 Animate Dead             Necr           6%         N/A       38%         4
 Agony                    Necr           13%        N/A       75%         5


Dungeon Overview and Level Annotations

Branches:
Dungeon (1/15)

Altars:


Innate Abilities, Weirdness & Mutations

You are immune to poison.
Your flesh is cold resistant. (rC+)
You are immune to negative energy. (rN+++)
You are immune to unholy pain and torment.
You are vulnerable to heat. (rF-)
You do not drink.


Message History

The bat closely misses you. x3
The bat hits you. The bat closely misses you. The bat misses you.
The bat barely misses you. The bat hits you but does no damage.
The giant cockroach barely misses you. The bat hits you but does no damage.
The bat misses you. The bat barely misses you.
The giant cockroach closely misses you. The bat hits you.
The bat hits you but does no damage. The bat barely misses you.
The giant cockroach misses you.
You completely miss the bat.
The bat is severely wounded.
The bat hits you but does no damage. x2
The giant cockroach closely misses you. The bat hits you but does no damage.
The bat hits you but does no damage. The bat hits you.
You barely miss the bat. The bat closely misses you.
The bat hits you but does no damage. The giant cockroach bites you.
The bat hits you but does no damage. The giant cockroach closely misses you.
The bat barely misses you. The bat hits you.
The bat hits you but does no damage. The giant cockroach closely misses you.
You hit the giant cockroach.
The giant cockroach is moderately wounded.
The bat closely misses you. The bat hits you but does no damage.
The giant cockroach closely misses you.
You hit the giant cockroach.
The giant cockroach is almost dead.
The bat hits you but does no damage. The bat barely misses you.
The giant cockroach closely misses you.
You hit the giant cockroach.
You kill the giant cockroach!
The bat hits you.
* * * LOW HITPOINT WARNING * * *
The bat hits you.
* * * LOW HITPOINT WARNING * * *
The bat barely misses you. The bat closely misses you.
You see here a giant cockroach corpse.
You hit the bat.
The bat is moderately wounded.
The bat hits you.
* * * LOW HITPOINT WARNING * * *
The bat hits you.
You die...

♣l♣.♣.♣..##
.........#
♣.♣.♣.♣...# #.
.......# ♣.
#♣.♣..>#####
#.##..........#
#.........###.#
#...b.........#
#...@##+++##..#
#...b#.....#..#
###..#.....#..#
#####..#..<..#..#
#......#.....#..#
#......##'''##
...............#
###..........###
#..........#


You could see 2 bats.

Vanquished Creatures
  A giant cockroach (D:1)
  A frilled lizard (D:1)
2 creatures vanquished.

Notes
Turn   | Place    | Note
-------+----------+-------------------------------------------
     0 | D:1      | parzival7114810 the Mummy Necromancer began the quest for
                  | the Orb.
     0 | D:1      | Reached XP level 1. HP: 13/13 MP: 4/4
    56 | D:1      | Slain by a bat

Illustrated notes

Levels and vault maps discovered:
D:1:      dpeg_arrival_windows_large_door, layout_rooms, serial_forest,
          infiniplex_forest_lined_1, infiniplex_forest_lined_room_2,
          infiniplex_forest_lined_2, infiniplex_forest_zigzag_2,
          infiniplex_forest_lined_2, infiniplex_forest_clump_C,
          infiniplex_forest_zigzag_1, infiniplex_forest_clump_cross,
          infiniplex_forest_corner_1, nrook_campfire

Action                   || total
-------------------------++-------
Melee: Unarmed           ||    17
Armor: Robe              ||    24
Dodge: Dodged            ||    47

Table legend: (Time is in decaauts)
 A = Elapsed time spent in this place.
 B = Non-inter-level travel time spent in this place.
 C = Inter-level travel time spent in this place.
 D = Time resting spent in this place.
 E = Time spent auto-exploring this place.
 F = Levels seen in this place.
 G = Mean time per level.
                   A        B        C        D        E       F      G
               +--------+--------+--------+--------+--------+-----+--------+
         Total |     56 |     56 |      0 |      0 |     10 |   1 |   56.0 |
       Dungeon |     56 |     56 |      0 |      0 |     10 |   1 |   56.0 |
               +--------+--------+--------+--------+--------+-----+--------+

Top non-repeatable levels by time:
     D:1: 56 daAuts
